 Dungeon Crawl Stone Soup version 0.31-a0-177-g4aa6249778 (webtiles) character file.

Game seed: 13692787603204565096

2182 Moral the Covert (level 9, -3/61 HPs)
             Began as an Octopode Hunter on June 19, 2023.
             Was a Follower of Cheibriados.
             Slain by a bullfrog zombie (6 damage)
             ... on level 6 of the Dungeon.
             The game lasted 00:14:02 (4492 turns).

Moral the Covert (Octopode Hunter)                  Turns: 4492, Time: 00:14:04

Health: -3/61      AC:  1    Str: 13    XL:     9   Next: 33%
Magic:  11/11      EV: 21    Int: 15    God:    Cheibriados [*.....]
Gold:   419        SH:  0    Dex: 22    Spells: 8/8 levels left

rFire   . . .        a - +2 shortbow (heavy)
rCold   . . .        (shield currently unavailable)
rNeg    . . .        (helmet restricted)
rPois   .            (no amulet)
rElec   .            d - +5 ring of evasion
rCorr   .            f - ring of see invisible
SInv    +            o - ring of flight
Will    .....        (no ring)
Stlth   ++++++       (no ring)
HPRegen 0.30/turn    (no ring)
MPRegen 0.12/turn    (no ring)
                     (no ring)

%: no passive effects
@: flying, very slow
A: almost no armour, amphibious, 8 rings, camouflage 1, gelatinous body 1,
(nimble swimmer 1), tentacles
a: Renounce Religion, Bend Time


You were on level 6 of the Dungeon.
You worshipped Cheibriados.
Cheibriados was aware of your devotion.
You visited 1 branch of the dungeon, and saw 6 of its levels.

You collected 419 gold pieces.

Inventory:

Hand Weapons
 a - a +2 heavy shortbow (weapon)
Jewellery
 d - a +5 ring of evasion (left tentacle)
 f - a ring of see invisible (right tentacle)
 o - a ring of flight (on tentacle)
Wands
 b - a wand of light (4)
 m - a wand of roots (9)
Scrolls
 g - a scroll of poison
Potions
 c - 2 potions of berserk rage {unknown}
 h - a potion of haste {unknown}
 i - 2 potions of mutation {unknown}
 j - 2 potions of attraction {unknown}
 k - a potion of degeneration {unknown}
 l - a potion of enlightenment {unknown}
 n - a potion of lignification {unknown}


   Skills:
 + Level 5.0 Fighting
 * Level 7.8 Ranged Weapons
 + Level 5.1 Dodging
 * Level 9.6 Stealth
 + Level 3.2 Invocations


You had 8 spell levels left.
You didn't know any spells.
Your spell library contained the following spells:

 Spells                   Type           Power      Damage    Failure   Level
 Slow                     Hex            0%         N/A       26%         1
 Confusing Touch          Hex            0%         N/A       63%         3
 Tukima's Dance           Hex            0%         N/A       63%         3
 Vampiric Draining        Necr           0%         2d6       63%         3
 Vhi's Electric Charge    Tloc/Air       0%         N/A       63%         3
 Passage of Golubria      Tloc           0%         N/A       95%         4
 Summon Ice Beast         Ice/Summ       0%         N/A       95%         4
 Arcjolt                  Conj/Air       0%         1d10      100%        5
 Summon Mana Viper        Hex/Summ       0%         N/A       100%        5
 Yara's Violent Unravell  Hex/Tmut       0%         3d3       100%        5
 Plasma Beam              Fire/Air       0%         2x1d10    100%        6
 Polar Vortex             Ice            0%         N/A       100%        9


Dungeon Overview and Level Annotations

Branches:
Dungeon (6/15)             Temple (0/1) D:6

Altars:
Ashenzari
Cheibriados
Ru

Shops:
D:2 =   D:3 ([!(


Innate Abilities, Weirdness & Mutations

You cannot wear most types of armour.
You are amphibious.
You can wear up to eight rings at the same time.
Your skin changes colour to match your surroundings (Stealth+).
Your rubbery body absorbs attacks. (AC +1, EV +1)
((You are camouflaged when in or above water. (Stealth+)))
You have tentacles for arms and can constrict up to eight enemies at once.


Message History

* * * LOW HITPOINT WARNING * * *
The bullfrog zombie completely misses you.
Fire: a) +2 shortbow (heavy)
Press: ? - help, Q - select action, (/) - cycle Shift-Dir - straight line, f/p - bullfrog zombie
Aim: a bullfrog zombie (almost destroyed, 78% to hit)
You shoot an arrow.
The arrow barely misses the bullfrog zombie.
The bullfrog zombie completely misses you. x2
Fire: a) +2 shortbow (heavy)
Press: ? - help, Q - select action, (/) - cycle Shift-Dir - straight line, f/p - bullfrog zombie
Aim: a bullfrog zombie (almost destroyed, 78% to hit)
You shoot an arrow. The arrow hits the bullfrog zombie.
The bullfrog zombie is almost destroyed.
The bullfrog zombie misses you. The bullfrog zombie hits you.
* * * LOW HITPOINT WARNING * * *
Fire: a) +2 shortbow (heavy)
Press: ? - help, Q - select action, (/) - cycle Shift-Dir - straight line, f/p - bullfrog zombie
Aim: a bullfrog zombie (almost destroyed, 78% to hit)
You shoot an arrow.
The arrow barely misses the bullfrog zombie.
The bullfrog zombie misses you. The bullfrog zombie closely misses you.
Fire: a) +2 shortbow (heavy)
Press: ? - help, Q - select action, (/) - cycle Shift-Dir - straight line, f/p - bullfrog zombie
Aim: a bullfrog zombie (almost destroyed, 78% to hit)
You shoot an arrow.
The arrow hits the bullfrog zombie but does no damage.
The bullfrog zombie is almost destroyed.
The bullfrog zombie closely misses you. The bullfrog zombie barely misses you.
Fire: a) +2 shortbow (heavy)
Press: ? - help, Q - select action, (/) - cycle Shift-Dir - straight line, f/p - bullfrog zombie
Aim: a bullfrog zombie (almost destroyed, 78% to hit)
Okay, then.
Okay, then.
Fire: a) +2 shortbow (heavy)
Press: ? - help, Q - select action, (/) - cycle Shift-Dir - straight line, f/p - bullfrog zombie
Aim: a bullfrog zombie (almost destroyed, 78% to hit)
You shoot an arrow.
The arrow closely misses the bullfrog zombie.
The bullfrog zombie closely misses you. The bullfrog zombie hits you.
You die...

#....#.##.#
#......#.#
..........#
#.######)#
###########
#.# #.# #.#
#.# #.# #..
#.# ### #.#
#.##########
#..@Z......#
#####.##...#
.# . ZZ ##.
.. .. .##


You could see a bullfrog zombie.

Vanquished Creatures
  Pikel (D:6)
  A water moccasin (D:6)
  An orc warrior (D:6)
  An ogre (D:5)
  A phantom (D:6)
  A wyvern zombie (D:6)
  A bullfrog (D:6)
  3 scorpions
  5 wights (D:6)
  A water moccasin zombie (D:6)
  2 bullfrog zombies (D:6)
  A hound (D:6)
  A centaur skeleton (D:6)
  4 orc priests (D:5)
  2 bullfrog skeletons (D:6)
  2 iguanas
  6 orc wizards
  2 sleepcaps
  A killer bee zombie (D:6)
  A howler monkey zombie (D:6)
  7 adders
  2 white imps
  A worm (D:2)
  3 dart slugs
  19 orcs
  5 ball pythons
  7 endoplasms
  3 giant cockroaches
  7 goblins
  4 hobgoblins (D:3)
  6 jackals
  A quokka (D:3)
  A bat (D:1)
  A frilled lizard (D:3)
  3 kobolds
  3 rats (D:3)
111 creatures vanquished.

Notes
Turn   | Place    | Note
-------+----------+-------------------------------------------
     0 | D:1      | Moral the Octopode Hunter began the quest for the Orb.
     0 | D:1      | Reached XP level 1. HP: 14/14 MP: 1/1
   174 | D:1      | Reached skill level 2 in Stealth
   174 | D:1      | Reached XP level 2. HP: 19/19 MP: 2/2
   545 | D:2      | Reached XP level 3. HP: 24/24 MP: 3/3
   874 | D:2      | Found Feywoywi's Jewellery Shop.
   891 | D:2      | Reached skill level 3 in Stealth
  1142 | D:3      | Reached XP level 4. HP: 27/30 MP: 4/4
  1314 | D:3      | Found Lueji's Distillery.
  1329 | D:3      | Reached XP level 5. HP: 35/35 MP: 5/5
  1334 | D:3      | Reached skill level 4 in Stealth
  1341 | D:3      | Found Zimpie Ocwu's Antique Weapon Emporium.
  1383 | D:3      | Found Payveg's Armour Emporium.
  1476 | D:3      | Found Mefei's Antique Weapon Boutique.
  1708 | D:4      | Found a sacrificial altar of Ru.
  1728 | D:4      | Found a snail-covered altar of Cheibriados.
  1896 | D:4      | Reached skill level 5 in Ranged Weapons
  1984 | D:4      | Reached XP level 6. HP: 41/41 MP: 6/6
  2376 | D:4      | Reached skill level 5 in Stealth
  2433 | D:4      | Became a worshipper of Cheibriados the Contemplative
  2570 | D:5      | Entered Level 5 of the Dungeon
  2579 | D:5      | Reached XP level 7. HP: 45/46 MP: 7/7
  2636 | D:5      | Reached skill level 6 in Stealth
  3178 | D:5      | Reached skill level 7 in Stealth
  3268 | D:5      | Got the Handbook of the Crevasse and Mustering
  3493 | D:6      | Found a staircase to the Ecumenical Temple.
  3535 | D:6      | Reached * piety under Cheibriados
  3536 | D:6      | Reached XP level 8. HP: 54/54 MP: 8/8
  3546 | D:6      | Noticed Pikel
  3556 | D:6      | Killed Pikel
  3557 | D:6      | Reached skill level 8 in Stealth
  4056 | D:6      | Found a broken altar of Ashenzari.
  4083 | D:6      | Reached XP level 9. HP: 59/59 MP: 9/11
  4104 | D:6      | Reached skill level 9 in Stealth
  4460 | D:6      | Reached skill level 5 in Dodging
  4471 | D:6      | Reached skill level 5 in Fighting
  4489 | D:6      | HP: 2/61 [bullfrog zombie (6)]
  4492 | D:6      | Slain by a bullfrog zombie

Illustrated notes

Levels and vault maps discovered:
D:1:      heliophobic_arrival_ceremonial_halls, layout_rooms
D:2:      layout_loops_ring, serial_shops, shop
D:3:      minmay_angry_zag, layout_rooms, serial_shops, shop,
          nicolae_shop_overgrown_old_shop, shop, nicolae_shop_hallway_plus,
          minmay_misc_feat_tiny, item_on_display_a
D:4:      layout_loops_corners, mainiacjoe_overflow_cross_hatched,
          nicolae_ru_awakened_eye, serial_glass, glass_columns_a,
          glass_columns_b
D:5:      layout_loops_ring
D:6:      layout_basic, cheibrodos_ashenzari_chains, minmay_temple_entry_ruins,
          serial_undead, serial_undead_c, serial_undead_c, serial_undead_d,
          serial_undead_b, serial_undead_f, uniq_pikel

Skill      XL: |  1  2  3  4  5  6  7  8  9 |
---------------+----------------------------+-----
Stealth        | 2 3 4 5 7 8 9 |  9.6
Ranged Weapons | 5 6 7 |  7.8
Dodging        | 3 4 5 |  5.1
Fighting       | 3 4 5 |  5.0
Invocations    | 2 3 |  3.2

Action                     |  1- 3 |  4- 6 |  7- 9 || total
---------------------------+-------+-------+-------++-------
  Melee: Shortbow          |       |       |     9 ||     9
         Tentacles         |       |       |     2 ||     2
   Fire: Shortbow          |    88 |   102 |   182 ||   372
    Use: Scroll            |     4 |     1 |     4 ||     9
         Potion            |       |       |     2 ||     2
 Armour: Skin              |     3 |     4 |     7 ||    14
  Dodge: Dodged            |    26 |    37 |   158 ||   221

Table legend: (Time is in decaauts)
 A = Elapsed time spent in this place.
 B = Non-inter-level travel time spent in this place.
 C = Inter-level travel time spent in this place.
 D = Time resting spent in this place.
 E = Time spent auto-exploring this place.
 F = Levels seen in this place.
 G = Mean time per level.
                   A        B        C        D        E       F      G
               +--------+--------+--------+--------+--------+-----+--------+
         Total |   5068 |   4875 |    193 |    633 |   3263 |   6 |  844.7 |
       Dungeon |   5068 |   4875 |    193 |    633 |   3263 |   6 |  844.7 |
               +--------+--------+--------+--------+--------+-----+--------+

Top non-repeatable levels by time:
     D:6: 1210 daAuts
     D:5: 1156 daAuts
     D:4: 1043 daAuts
     D:2: 642 daAuts
     D:3: 638 daAuts
     D:1: 376 daAuts
